[Event "Velammal AICF Women GM 2024"]
[Site "Chennai"]
[Date "2024.03.19"]
[Round "3.1"]
[White "Mahalakshmi, M."]
[Black "Bommini Mounika Akshaya"]
[Result "1/2-1/2"]
[ECO "D50"]
[WhiteElo "2242"]
[BlackElo "2134"]
[Annotator "TA"]
[PlyCount "131"]
[EventDate "2024.03.18"]
[EventType "tourn"]
[EventCountry "IND"]
[SourceTitle "playchess.com"]
[Source "ChessBase"]
[SourceQuality "1"]
[TimeControl "5400+30"]

1. d4 d5 2. c4 e6 3. Nc3 Nf6 4. Bg5 dxc4 5. e3 c5 6. dxc5 Qa5 (6... Qxd1+ {simplifies} 7. Rxd1 Bxc5 8. Bxc4 a6) 7. Bxc4 Qxc5 8. Bb5+ {[%emt 0:02:31] White is slightly better.} (8. Bxf6 {simplifies} gxf6 9. Qe2 Rg8 10. g3) 8... Nc6 (8... Bd7 $5 9. Bxf6 gxf6 10. Bxd7+ Nxd7 $11) 9. Nf3 Be7 10. O-O O-O 11. Rc1 a6 12. Ba4 Qa5 (12... Rd8 $11 13. Qe2 Bd7) 13. Bxc6 $14 bxc6 14. Qa4 Qxa4 15. Nxa4 Bb7 16. Nc5 {[%emt 0:09:23] White is more active.} (16. Ne5 $16) 16... Bxc5 $1 $11 {[%emt 0:02:04] The position is equal.} 17. Rxc5 Ne4 18. Rc2 f6 19. Bf4 c5 20. Bc7 a5 21. Nd2 Nxd2 22. Rxd2 Rfc8 23. Bd6 Bd5 24. a3 Ra6 25. Bg3 Rb6 26. f3 Bb3 27. e4 e5 28. Rc1 a4 29. Be1 Kf8 30. Rd3 Be6 31. Bc3 Ke7 32. Rcd1 Rbb8 33. Kf2 Rd8 34. Ke3 Rxd3+ 35. Rxd3 {[%emt 0:00:01][%mdl 4096] Endgame. KRB-KRB} g5 36. g3 Bc4 37. Rd2 Rd8 38. Rxd8 Kxd8 {[%emt 0:00:01] KB-KB} 39. Ba5+ Kd7 40. Bb6 Kd6 41. f4 gxf4+ 42. gxf4 exf4+ 43. Kxf4 Bf7 44. h4 Bg6 45. Ba5 Kd7 46. Ke3 Ke6 47. Bc3 Be8 48. Kf4 Bg6 49. Be1 h5 50. Bc3 Ke7 51. Ba5 Kd7 52. Bb6 Kd6 53. Ba7 Bh7 54. Ke3 Bg6 55. Kd3 Ke5 56. Bb8+ Ke6 57. Bf4 Bh7 58. Bc7 Bg6 59. Ke3 Kd7 60. Ba5 Ke6 61. Bc3 Be8 62. Kf4 Bg6 63. Ba5 Kd7 64. e5 fxe5+ 65. Kxe5 Kc6 66. Bc3 {[%emt 0:00:22] Weighted Error Value: White=0.05 (flawless) /Black=0.04 (flawless) .  Mistake:       	White=1     	Black=1      Inaccurate:     	White=2     	Black=2      OK:         	White=24    	Black=26     Best:        	---       	Black=2      Strong:       	---       	Black=1} 1/2-1/2

[Event "Velammal AICF Women GM 2024"]
[Site "Chennai"]
[Date "2024.03.19"]
[Round "3.2"]
[White "Chitlange Sakshi"]
[Black "Velpula Sarayu"]
[Result "0-1"]
[ECO "E92"]
[WhiteElo "2175"]
[BlackElo "2389"]
[Annotator "RC"]
[PlyCount "94"]
[EventDate "2024.03.18"]
[EventType "tourn"]
[EventCountry "IND"]
[SourceTitle "playchess.com"]
[Source "ChessBase"]
[SourceQuality "1"]
[TimeControl "5400+30"]

1. d4 Nf6 2. c4 g6 3. Nc3 Bg7 4. e4 d6 5. Nf3 O-O 6. Be2 e5 7. Be3 Ng4 8. Bg5 f6 9. Bh4 Nc6 10. d5 Ne7 11. h3 Nh6 12. g4 Nf7 13. Qc2 c6 14. O-O-O cxd5 15. cxd5 Bd7 16. Kb1 a6 17. Rc1 b5 18. Nd1 Rc8 19. Qd2 Rxc1+ 20. Qxc1 Bh6 21. Ne3 Kg7 22. Ne1 Qb6 23. Qd2 Rc8 24. Bd3 b4 25. Qe2 a5 26. Nc4 Qc7 27. Ng2 Nd8 28. f4 exf4 29. e5 Nxd5 30. exf6+ Kf7 31. g5 Bf8 32. Rc1 Nc6 33. Qe4 Be6 34. Nxf4 Nxf4 35. Qxf4 Qd8 36. Rd1 Rc7 37. Bf2 Rd7 38. h4 Ne5 39. Be2 Qc7 40. Nb6 Rd8 41. Nd5 Qb7 42. Ne3 Rc8 43. h5 Qc6 44. hxg6+ hxg6 45. Nf1 Qc2+ 46. Ka1 Qxe2 47. Qd4 Qc4 0-1

[Event "Velammal AICF Women GM 2024"]
[Site "Chennai"]
[Date "2024.03.19"]
[Round "3.3"]
[White "Sedina, Elena"]
[Black "Rindhiya V"]
[Result "1-0"]
[ECO "C54"]
[WhiteElo "2161"]
[BlackElo "1953"]
[Annotator "RC"]
[PlyCount "55"]
[EventDate "2024.03.18"]
[EventType "tourn"]
[EventCountry "IND"]
[SourceTitle "playchess.com"]
[Source "ChessBase"]
[SourceQuality "1"]
[TimeControl "5400+30"]

1. e4 e5 2. Nf3 Nc6 3. Bc4 Bc5 4. c3 Nf6 5. d4 exd4 6. e5 d5 7. Bb5 Ne4 8. cxd4 Bb6 9. Nc3 O-O 10. Be3 Bg4 11. h3 Bxf3 12. gxf3 Nxc3 13. bxc3 Ne7 14. Bg5 c6 15. Bd3 c5 16. Rg1 Qd7 17. f4 cxd4 18. f5 Rfe8 19. Bf6 g6 20. Qh5 Qc6 21. fxg6 Qxc3+ 22. Ke2 Qb2+ 23. Kf3 fxg6 24. Bxg6 Nxg6 25. Rxg6+ Kf8 26. Qh6+ Kf7 27. Qxh7+ Ke6 28. Bh8+ 1-0

[Event "Velammal AICF Women GM 2024"]
[Site "Chennai"]
[Date "2024.03.19"]
[Round "3.4"]
[White "Maisuradze, Nino"]
[Black "Uuriintuya, Uurtsaikh"]
[Result "0-1"]
[ECO "B38"]
[WhiteElo "2254"]
[BlackElo "2288"]
[Annotator "TA"]
[PlyCount "70"]
[EventDate "2024.03.18"]
[EventType "tourn"]
[EventCountry "IND"]
[SourceTitle "playchess.com"]
[Source "ChessBase"]
[SourceQuality "1"]
[TimeControl "5400+30"]

1. e4 c5 2. Nf3 g6 3. d4 cxd4 4. Nxd4 Bg7 5. c4 Nc6 6. Be3 Nf6 7. Nc3 O-O 8. Be2 d6 9. O-O Bd7 10. Qd2 Nxd4 11. Bxd4 Bc6 12. Bd3 a5 13. b3 Nd7 14. Bxg7 Kxg7 15. Rae1 {[%emt 0:00:19][%cal Ba1e1,Be1e3,Be3h3][%mdl 32] White is slightly better.} Kg8 16. Re3 Qb6 17. Nd5 Bxd5 18. exd5 Rfe8 19. Rfe1 Ne5 20. Bc2 a4 21. Rh3 {[%emt 0:02:20] aiming for c5.} (21. bxa4 $2 Nxc4 22. Qd3 Nxe3 23. Rxe3 Qb2 $19) 21... axb3 22. axb3 {[%emt 0:07:02] Hoping for Qh6.} Ra2 $2 {[%emt 0:03:57] [#]} (22... h5 $11) 23. Rc1 $2 ({White must play} 23. Qh6 $1 $18 e6 (23... Rxc2 24. Qxh7+ Kf8 25. Qh8#) (23... Qxf2+ $2 24. Kxf2 Ng4+ 25. Kg1 $18) 24. Qxh7+ Kf8 25. Qh4 Rxc2 26. Qf6 Qxf2+ 27. Qxf2 Rxf2 28. Kxf2) 23... h5 24. Re3 Rea8 25. h3 Rb2 {[%emt 0:02:12] [#]} (25... Ra1 $1 $11 {remains equal.}) 26. f4 $2 {[%emt 0:05:23] [#]} (26. Qc3 $1 $16 {c5 is the strong threat.} Rba2 (26... Raa2 27. Bb1 $16) 27. c5) 26... Raa2 $1 $15 27. fxe5 {[%emt 0:26:53] [#]} Rxc2 $1 28. Rxc2 Rxc2 29. Qd3 dxe5 30. Qxc2 (30. Kh2 $1 $15) 30... Qxe3+ $11 {[%emt 0:00:33] KQ-KQ} 31. Kh2 (31. Qf2 $17 Qxb3 32. Qc5) 31... Qd4 {[%emt 0:05:47] ...e4 would now be deadly.} 32. b4 $2 (32. Qc1) 32... e4 $19 {[%emt 0:01:04] Threatens to win with ...e3. Black is clearly winning.} 33. c5 Qxd5 {[%emt 0:07:17] ( -> ...e3)} ({Weaker is} 33... Qxb4 34. c6 Qd6+ 35. Kh1 $11) 34. Kg1 Qd4+ 35. Kf1 Qxb4 {[%emt 0:00:10] Weighted Error Value: White=0.53/Black=0.23 (precise) .  Missed win:     	White=1     	---        Mistake:       	White=4     	Black=2      OK:         	White=6     	Black=5      Best:        	White=1     	Black=3      Strong:       	---       	Black=1} 0-1

[Event "Velammal AICF Women GM 2024"]
[Site "Chennai"]
[Date "2024.03.19"]
[Round "3.5"]
[White "Gomes, Mary Ann"]
[Black "Enkhtuul, Altan-Ulzii"]
[Result "1/2-1/2"]
[ECO "A06"]
[WhiteElo "2322"]
[BlackElo "2195"]
[Annotator "TA"]
[PlyCount "60"]
[EventDate "2024.03.18"]
[EventType "tourn"]
[EventCountry "IND"]
[SourceTitle "playchess.com"]
[Source "ChessBase"]
[SourceQuality "1"]
[TimeControl "5400+30"]

1. Nf3 d5 2. b3 Bg4 3. e3 Nf6 4. Bb2 Nbd7 5. d4 e6 6. Nbd2 Ne4 7. Nxe4 dxe4 8. h3 $1 Bh5 9. g4 $1 Bg6 10. Nd2 h5 11. gxh5 Bxh5 12. Be2 Qh4 13. Bxh5 Rxh5 14. Qe2 Rf5 15. O-O-O Rxf2 16. Qe1 {[%emt 0:00:07] [#] Rf1 would now be deadly.} Be7 17. Rg1 g6 18. Rg4 ({Much worse is} 18. Nxe4 Rf3 19. Nc3 (19. Qxh4 Bxh4 20. Kd2 f5 $17) 19... Qxe1 (19... Qxh3 20. Nb5 $17) (19... Rxh3 20. Qf1 $17) 20. Rdxe1 c6 $17 (20... Rxh3 21. Nb5 $17)) 18... Qxh3 {[%emt 0:00:19] And now ...Rxd2 would win.} 19. Rxg6 fxg6 20. Qxf2 Bg5 21. Nc4 O-O-O {[%emt 0:02:57] Threatens to win with ...b5.} 22. Qg1 Qf5 23. Rf1 Qd5 24. Nd2 Bh6 25. c4 (25. Kb1 $1 $11) 25... Qg5 26. Qxg5 Bxg5 27. Nxe4 Bxe3+ 28. Kc2 g5 29. Rf7 Nb6 30. Re7 Bxd4 {[%emt 0:02:40] Weighted Error Value: White=0.10 (very precise) /Black=0.09 (flawless) .  Mistake:       	White=1     	---        Inaccurate:     	White=3     	Black=3      OK:         	White=11    	Black=10     Best:        	White=2     	Black=1      Strong:       	White=2     	---} 1/2-1/2

[Event "Velammal AICF Women GM 2024"]
[Site "Chennai"]
[Date "2024.03.19"]
[Round "3.6"]
[White "Franco Valencia, Angela"]
[Black "Monnisha G K"]
[Result "1/2-1/2"]
[ECO "C54"]
[WhiteElo "2095"]
[BlackElo "2202"]
[Annotator "RC"]
[PlyCount "64"]
[EventDate "2024.03.18"]
[EventType "tourn"]
[EventCountry "IND"]
[SourceTitle "playchess.com"]
[Source "ChessBase"]
[SourceQuality "1"]
[TimeControl "5400+30"]

1. e4 e5 2. Nf3 Nc6 3. Bc4 Nf6 4. d3 Bc5 5. c3 O-O 6. Bg5 Be7 7. Nbd2 h6 8. Bh4 a6 9. Bb3 d6 10. O-O Nh5 11. Bg3 Nxg3 12. fxg3 Na5 13. Bc2 c5 14. Kh1 b5 15. Qe2 Be6 16. Rf2 Rb8 17. Nf1 b4 18. c4 Nc6 19. Ne3 Bg5 20. Nd5 Bg4 21. Qf1 Bxf3 22. Rxf3 Nd4 23. Rf2 Qd7 24. Bd1 Bd8 25. Bh5 Qe6 26. Ne3 Bg5 27. Bg4 Qe8 28. Nd5 Rb7 29. h4 Bd8 30. Qg1 a5 31. Raf1 Qa4 32. Ra1 Qc6 1/2-1/2

[Event "Velammal AICF Women GM 2024"]
[Site "Chennai"]
[Date "2024.03.20"]
[Round "4.1"]
[White "Bommini Mounika Akshaya"]
[Black "Monnisha G K"]
[Result "1-0"]
[ECO "E44"]
[WhiteElo "2134"]
[BlackElo "2202"]
[Annotator "RC"]
[PlyCount "105"]
[EventDate "2024.03.18"]
[EventType "tourn"]
[EventCountry "IND"]
[SourceTitle "playchess.com"]
[Source "ChessBase"]
[SourceQuality "1"]
[TimeControl "5400+30"]

1. d4 Nf6 2. c4 e6 3. Nc3 Bb4 4. e3 b6 5. Nge2 Bb7 6. a3 Bxc3+ 7. Nxc3 O-O 8. Bd3 d6 9. O-O Nbd7 10. e4 e5 11. d5 Re8 12. b4 Nf8 13. Rb1 Ng6 14. c5 Bc8 15. Bb5 Rf8 16. cxd6 cxd6 17. Bd2 Bg4 18. Be2 Bd7 19. Rc1 Rc8 20. Ba6 Rb8 21. Qe2 Bg4 22. f3 Bd7 23. Nb5 Nh5 24. g3 f5 25. exf5 Bxf5 26. Nxa7 Ra8 27. Nc6 Qf6 28. a4 Bh3 29. Rf2 e4 30. f4 Rxa6 31. Qxa6 Nh4 32. Qe2 Nf3+ 33. Rxf3 exf3 34. Qxf3 Qb2 35. Qc3 Qxc3 36. Bxc3 Re8 37. Kf2 Bf5 38. Re1 Kf7 39. Rxe8 Kxe8 40. Ke3 Kd7 41. Bd4 Bc2 42. a5 bxa5 43. bxa5 Bb3 44. Nb4 Kc7 45. Ke4 Bd1 46. Kf5 Be2 47. Ke6 Bg4+ 48. Ke7 Bc8 49. Kf7 g6 50. Ke7 Bg4 51. a6 Bc8 52. a7 Bb7 53. Na6+ 1-0

[Event "Velammal AICF Women GM 2024"]
[Site "Chennai"]
[Date "2024.03.20"]
[Round "4.2"]
[White "Enkhtuul, Altan-Ulzii"]
[Black "Franco Valencia, Angela"]
[Result "1/2-1/2"]
[ECO "A43"]
[WhiteElo "2195"]
[BlackElo "2095"]
[Annotator "RC"]
[PlyCount "183"]
[EventDate "2024.03.18"]
[EventType "tourn"]
[EventCountry "IND"]
[SourceTitle "playchess.com"]
[Source "ChessBase"]
[SourceQuality "1"]
[TimeControl "5400+30"]

1. d4 Nf6 2. Nf3 c5 3. d5 e6 4. Nc3 d6 5. e4 e5 6. Bb5+ Nbd7 7. a4 Be7 8. O-O a6 9. Bd3 Nf8 10. Nd2 Ng6 11. Nc4 O-O 12. Ne2 Bd7 13. a5 Bb5 14. Nb6 c4 15. Bxc4 Bxc4 16. Nxc4 Nxe4 17. Nb6 Rb8 18. b4 f5 19. f3 Nf6 20. c4 Nd7 21. Be3 f4 22. Nxd7 Qxd7 23. Bb6 Rbc8 24. Qd3 Bd8 25. Rfc1 Bxb6+ 26. axb6 e4 27. Qxe4 Rfe8 28. Qc2 Ne5 29. c5 dxc5 30. bxc5 Qxd5 31. Qa2 Qxa2 32. Rxa2 g5 33. Rd2 Red8 34. Rxd8+ Rxd8 35. Nc3 Kg7 36. Ne4 Kg6 37. Kf1 Rd7 38. Ke2 g4 39. fxg4 Re7 40. h3 Nxg4 41. hxg4 Rxe4+ 42. Kf3 Rb4 43. Rd1 Rc4 44. Rd6+ Kg5 45. Rd5+ Kg6 46. Rd7 Rxc5 47. Kxf4 Rb5 48. Rxb7 a5 49. Rb8 Kg7 50. Rb7+ Kg6 51. Ra7 Rxb6 52. Rxa5 Rc6 53. Rg5+ Kf6 54. Rg8 Kf7 55. Ra8 Kg6 56. Kg3 Rb6 57. Kh4 Rc6 58. Rg8+ Kf7 59. Rg5 Rc1 60. Ra5 h6 61. g5 Rh1+ 62. Kg3 h5 63. Ra6 Kg7 64. Rh6 Kf7 65. Rf6+ Kg7 66. Ra6 Kf7 67. Kf2 Kg7 68. g3 Rh2+ 69. Kf3 h4 70. g4 Rh1 71. Kg2 Rc1 72. Kh3 Rh1+ 73. Kg2 Rc1 74. Rh6 Rc2+ 75. Kh3 Rc1 76. Rxh4 Rh1+ 77. Kg3 Rxh4 78. Kxh4 Kg6 79. Kg3 Kxg5 80. Kf3 Kg6 81. Kf4 Kf6 82. g5+ Kg6 83. Kg4 Kg7 84. Kh5 Kh7 85. g6+ Kg7 86. Kg5 Kg8 87. Kf6 Kf8 88. Kf5 Kg7 89. Kg5 Kg8 90. Kh6 Kh8 91. g7+ Kg8 92. Kg6 1/2-1/2

[Event "Velammal AICF Women GM 2024"]
[Site "Chennai"]
[Date "2024.03.20"]
[Round "4.3"]
[White "Uuriintuya, Uurtsaikh"]
[Black "Gomes, Mary Ann"]
[Result "0-1"]
[ECO "B43"]
[WhiteElo "2288"]
[BlackElo "2322"]
[Annotator "RC"]
[PlyCount "92"]
[EventDate "2024.03.18"]
[EventType "tourn"]
[EventCountry "IND"]
[SourceTitle "playchess.com"]
[Source "ChessBase"]
[SourceQuality "1"]
[TimeControl "5400+30"]

1. e4 c5 2. Nf3 e6 3. d4 cxd4 4. Nxd4 a6 5. Nc3 b5 6. Bd3 Qb6 7. Nf3 Qc7 8. O-O Bb7 9. Re1 Be7 10. e5 f5 11. a4 b4 12. Nb1 Nc6 13. Nbd2 Nh6 14. Nc4 Nf7 15. a5 O-O 16. c3 Bc5 17. Bd2 bxc3 18. Bxc3 Nb4 19. Be2 Nd5 20. Bd4 Nf4 21. Bf1 Nh3+ 22. gxh3 Bxf3 23. Qxf3 Bxd4 24. Qf4 Bc5 25. h4 Rab8 26. Rad1 Rb4 27. Qd2 Qd8 28. Qf4 Qxa5 29. Nxa5 Rxf4 30. Re2 Bd4 31. Nb3 Bxe5 32. Rxd7 Rxh4 33. h3 Ng5 34. Nc5 Re8 35. Nxa6 Rc8 36. Kg2 Bf4 37. Rd3 e5 38. b4 e4 39. Ra3 Rh6 40. Nc5 Rb6 41. Ra4 Nf3 42. Kh1 Bd2 43. Bg2 Rxc5 44. Bxf3 Rc1+ 45. Kg2 exf3+ 46. Kxf3 Rc3+ 0-1

[Event "Velammal AICF Women GM 2024"]
[Site "Chennai"]
[Date "2024.03.20"]
[Round "4.4"]
[White "Rindhiya V"]
[Black "Maisuradze, Nino"]
[Result "1-0"]
[ECO "B41"]
[WhiteElo "1953"]
[BlackElo "2254"]
[Annotator "TA"]
[PlyCount "75"]
[EventDate "2024.03.18"]
[EventType "tourn"]
[EventCountry "IND"]
[SourceTitle "playchess.com"]
[Source "ChessBase"]
[SourceQuality "1"]
[TimeControl "5400+30"]

1. e4 c5 2. Nf3 Nc6 3. d4 cxd4 4. Nxd4 a6 5. c4 e6 6. Nc3 Qc7 7. Be3 Nf6 8. f3 Bd6 9. g3 h5 {[%emt 0:03:11] [#]} 10. c5 $1 {[%emt 0:14:15] White is better.} Be7 (10... Bxc5 11. Ndb5 (11. Nxe6 dxe6 12. Bxc5 e5 $11) 11... axb5 12. Bxc5 $16) 11. Nb3 {[%emt 0:05:11] White is more active.} (11. Na4 $16) 11... d6 12. Bf4 ({White should play} 12. cxd6 $11 Bxd6 13. Qd2) 12... e5 $15 13. cxd6 Bxd6 14. Bg5 (14. Be3 $15) 14... Bb4 (14... Be6 $17 {Threatens to win with ...Rd8.} 15. Nd5 Bxd5 16. exd5 Bb4+ 17. Kf2 Rd8) 15. Rc1 (15. Qc2 $11) 15... Be6 16. a3 (16. Qc2 $142) 16... Rd8 $17 17. Qc2 Bxb3 (17... Be7 $17 {Hoping for ...Qb6.} 18. Nd1 h4 19. gxh4 Nh7 20. Bxe7 Qxe7) 18. Qxb3 $11 Nd4 19. Qd1 Ne6 {[%emt 0:11:40] Excellent horsemanship.} 20. Qa4+ b5 21. Qxa6 Nxg5 22. Qxb5+ Qd7 (22... Rd7 $11 {remains equal.} 23. Qxb4 Nxf3+ 24. Kf2 Nd4) 23. Qxe5+ $16 (23. axb4 Nxf3+ 24. Kf2 Nd2 $14) (23. Qxd7+ $6 Rxd7 24. axb4 Nxf3+ 25. Kf2 Nd4 $11) 23... Kf8 (23... Ne6 $2 24. Bb5 Bc5 25. Nd5 (25. Bxd7+ Nxd7 26. Qd5 O-O $18) 25... Qxb5 26. Nc7+ (26. Nxf6+ $2 gxf6 27. Qc3 Nd4 $19) 26... Kf8 27. Nxb5 $18) (23... Be7 $16 24. Qxg5 O-O) 24. Qxg5 $18 Be7 (24... Bxc3+ {might work better.} 25. bxc3 h4) 25. Rd1 Qa7 (25... Nxe4 {was called for.} 26. Rxd7 Nxg5 27. Rxd8+ Bxd8) 26. Rxd8+ Bxd8 27. Qd2 Ba5 28. Bc4 h4 29. e5 $2 (29. g4 $18) 29... hxg3 $16 {[%emt 0:00:47] [#]} 30. exf6 (30. Kf1 $1 $16 Bxc3 31. bxc3) 30... g2 $2 (30... Rxh2 $11 31. Qd6+ (31. Rxh2 Qg1+ 32. Bf1 gxh2 $11) 31... Kg8 32. Rxh2 Qg1+ 33. Ke2 gxh2 34. Bxf7+ (34. Qb8+ Kh7 $11) 34... Kxf7 35. Qe7+ Kg6 36. Qe8+ (36. Qxg7+ Kf5 $11) (36. fxg7 Qg2+ 37. Ke3 Kh7 $11) 36... Kh7 (36... Kf5 $2 37. f7 $18) 37. Qh5+ Kg8 38. Qe8+ (38. Qxa5 $2 h1=Q $19) 38... Kh7 39. Qh5+ Kg8 40. Qe8+ (40. Qxa5 $2 h1=Q $19) 40... Kh7) 31. fxg7+ $18 Kxg7 32. Qxg2+ Kf6 33. Qf2 Bxc3+ 34. bxc3 Re8+ 35. Kf1 Qxa3 36. Qh4+ {[%emt 0:00:23] White mates.} Kf5 37. Bd3+ Ke6 38. Qe4+ {[%emt 0:00:21] Weighted Error Value: White=0.42/Black=0.61.  Loses game:     	---       	Black=1      Missed win:     	White=1     	---        Mistake:       	White=6     	Black=6      Inaccurate:     	---       	Black=1      OK:         	White=7     	Black=3      Best:        	White=3     	Black=4} 1-0

[Event "Velammal AICF Women GM 2024"]
[Site "Chennai"]
[Date "2024.03.20"]
[Round "4.5"]
[White "Velpula Sarayu"]
[Black "Sedina, Elena"]
[Result "1/2-1/2"]
[ECO "C11"]
[WhiteElo "2389"]
[BlackElo "2161"]
[Annotator "TA"]
[PlyCount "53"]
[EventDate "2024.03.18"]
[EventType "tourn"]
[EventCountry "IND"]
[SourceTitle "playchess.com"]
[Source "ChessBase"]
[SourceQuality "1"]
[TimeControl "5400+30"]

1. e4 e6 2. d4 d5 3. Nc3 Nf6 4. e5 Nfd7 5. f4 c5 6. Nf3 Nc6 7. Be3 Be7 8. Qd2 O-O 9. dxc5 Bxc5 10. Bxc5 Nxc5 11. O-O-O Qb6 12. Nd4 Rd8 13. Qe3 Ne4 14. Nxe4 dxe4 15. c3 Nxd4 16. Rxd4 Rxd4 17. Qxd4 Qxd4 18. cxd4 $11 {[%emt 0:00:02][%mdl 4096] Endgame. KRB-KRB} Bd7 19. Kd2 Rc8 {[%emt 0:05:04][%cal Oe4e3] Inhibits Bc4.} 20. Be2 f5 {[%emt 0:04:59] The position is equal.} 21. g4 {[%emt 0:08:47] next gxf5 is good for White.} g6 22. Rg1 {[%emt 0:02:26] White wants to play gxf5.} Kf7 23. h4 Bc6 24. Rc1 Bd7 25. Rg1 Bc6 26. Rc1 Bd7 27. Rg1 {[%emt 0:03:18] Not much happened in this game.   Weighted Error Value: White=0.05 (flawless) /Black=0.05 (flawless) .  Inaccurate:     	White=1     	---        OK:         	White=5     	Black=7      Best:        	---       	Black=1} 1/2-1/2

[Event "Velammal AICF Women GM 2024"]
[Site "Chennai"]
[Date "2024.03.20"]
[Round "4.6"]
[White "Mahalakshmi, M."]
[Black "Chitlange Sakshi"]
[Result "0-1"]
[ECO "D02"]
[WhiteElo "2242"]
[BlackElo "2175"]
[Annotator "TA"]
[PlyCount "98"]
[EventDate "2024.03.18"]
[EventType "tourn"]
[EventCountry "IND"]
[SourceTitle "playchess.com"]
[Source "ChessBase"]
[SourceQuality "1"]
[TimeControl "5400+30"]

1. d4 Nf6 2. Nf3 d5 3. c3 c6 4. Qc2 g6 5. Bg5 Bg7 6. e3 Bf5 7. Bd3 Bxd3 8. Qxd3 {[%emt 0:00:01] The position is equal.} Ne4 9. Bf4 Qb6 10. Qc2 Nd7 11. O-O O-O 12. c4 Rfe8 13. Rd1 e6 14. Nbd2 Nxd2 15. Rxd2 Nf6 16. Rc1 Rac8 17. c5 Qd8 18. Qa4 Ne4 {[%emt 0:02:44] [#] ...g5 is the strong threat.} 19. Rd3 a6 20. Qb4 Re7 21. Bd6 (21. h3 $11) 21... Nxd6 $15 22. cxd6 Rd7 23. Ne5 c5 (23... a5 $15 24. Qb3 Rxd6) 24. Qe1 (24. Rdc3 {with more complications.} cxb4 25. Rxc8 Rxd6 26. R1c7) 24... Rxd6 25. dxc5 Qc7 26. Rdd1 $1 Rdd8 27. Nd3 Qe7 28. b4 e5 29. Nb2 Qe8 {[%emt 0:05:22] Prevents Na4.} 30. e4 Qe6 31. exd5 Rxd5 32. Nc4 {[%emt 0:00:18] [#] Strongly threatening Rxd5.} Rcd8 {[%emt 0:03:49] And now ...Rxd1 would win.} 33. Nd6 Rd7 34. Qe2 Rxd1+ 35. Rxd1 Bf8 36. Qd2 Rd8 37. h3 Be7 38. a4 Qb3 39. a5 Qe6 40. Qd3 e4 41. Qd4 (41. Qxe4 $2 Qxe4 (41... Bxd6 42. Qxe6 fxe6 43. Rxd6 $18) 42. Nxe4 Rxd1+ $19) 41... Bf6 42. Qe3 (42. Qxe4 $2 Qxe4 43. Nxe4 Rxd1+ $19) 42... Be7 43. Qd4 (43. Qxe4 $2 Qxe4 (43... Bxd6 44. Qxe6 fxe6 45. Rxd6 $18) 44. Nxe4 Rxd1+ $19) 43... Bf6 44. Qe3 (44. Qxe4 $2 Qxe4 45. Nxe4 Rxd1+ $19) 44... Be7 45. Qf4 (45. Qxe4 $2 {is the wrong capture.} Qxe4 (45... Bxd6 $2 {loses.} 46. Qxe6 fxe6 47. Rxd6 $18) 46. Nxe4 Rxd1+ $19) 45... Bf6 46. Re1 (46. Qxe4 $2 {perishes.} Qxe4 47. Nxe4 Rxd1+ $19) 46... Be5 47. Qh4 Rd7 48. Nxe4 {[%emt 0:00:51] Threatens to win with Ng5.} f5 $2 (48... Bg7 $11 {and Black stays safe.} 49. f3 Rd4) 49. Ng3 $4 (49. Ng5 $18 Qd5 50. Kh1) 49... Bxg3 {[%emt 0:00:06] Weighted Error Value: White=0.22 (precise) /Black=0.14 (very precise) .  Loses game:     	---       	Black=1      Missed win:     	White=1     	---        Mistake:       	White=1     	Black=1      Inaccurate:     	White=1     	Black=3      OK:         	White=15    	Black=22     Best:        	---       	Black=3      Strong:       	White=1     	---} 0-1

[Event "Velammal AICF Women GM 2024"]
[Site "Chennai"]
[Date "2024.03.21"]
[Round "5.1"]
[White "Chitlange Sakshi"]
[Black "Bommini Mounika Akshaya"]
[Result "1/2-1/2"]
[ECO "D35"]
[WhiteElo "2175"]
[BlackElo "2134"]
[Annotator "RC"]
[PlyCount "35"]
[EventDate "2024.03.18"]
[EventType "tourn"]
[EventCountry "IND"]
[SourceTitle "playchess.com"]
[Source "ChessBase"]
[SourceQuality "1"]
[TimeControl "5400+30"]

1. d4 d5 2. c4 e6 3. Nc3 Nf6 4. cxd5 exd5 5. Bg5 Bb4 6. e3 h6 7. Bh4 g5 8. Bg3 Ne4 9. Nge2 h5 10. f3 Nxg3 11. hxg3 Qe7 12. Qd2 c6 13. O-O-O Nd7 14. g4 Nb6 15. Ng3 Na4 16. Nge2 Nb6 17. Ng3 Na4 18. Nge2 1/2-1/2